 Dungeon Crawl Stone Soup version 0.29.1-1-gd02db6906a (webtiles) character file.

Game seed: 10618326769833545042

134 Hadkhar the Chopper (level 5, -3/47 HPs)
             Began as a Hill Orc Berserker on Sept 15, 2022.
             Was a Believer of Trog.
             Slain by a black bear (10 damage)
             ... on level 4 of the Dungeon on Sept 16, 2022.
             The game lasted 00:59:16 (4523 turns).

Hadkhar the Chopper (Hill Orc Berserker)            Turns: 4523, Time: 00:59:17

Health: -3/47      AC: 12    Str: 22    XL:     5   Next: 17%
Magic:  5/5        EV:  8    Int:  7    God:    Trog [**....]
Gold:   218        SH:  0    Dex: 10    Spells: 4/4 levels left

rFire   . . .      SeeInvis .   a - +0 hand axe
rCold   . . .      Faith    .   (no shield)
rNeg    . . .      Spirit   .   t - +0 chain mail
rPois   .          Reflect  .   u - +2 helmet
rElec   .          Harm     .   (no cloak)
rCorr   .          Rampage  .   (no gloves)
Will    .....                   (no boots)
Stlth   ..........              (no amulet)
HPRegen 0.15/turn               (no ring)
MPRegen 0.09/turn               (no ring)

@: no status effects
A: no striking features
a: Renounce Religion, Berserk, Trog's Hand


You were on level 4 of the Dungeon.
You worshipped Trog.
Trog was pleased with you.
You visited 1 branch of the dungeon, and saw 4 of its levels.

You collected 218 gold pieces.

Inventory:

Hand Weapons
 a - a +0 hand axe (weapon)
 c - a +0 hand axe
Armour
 t - a +0 chain mail (worn)
 u - a +2 helmet (worn)
Wands
 e - a wand of flame (42)
Scrolls
 d - 4 scrolls of identify {unknown}
 i - 4 scrolls of immolation
 o - a scroll of vulnerability {unknown}
 q - a scroll of magic mapping {unknown}
 r - a scroll of noise {unknown}
 s - a scroll of teleportation {unknown}
Potions
 b - a potion of berserk rage {unknown}
 f - 2 potions of ambrosia {unknown}
 g - 3 potions of lignification {unknown}
 h - a potion of heal wounds {unknown}
 j - a potion of degeneration {unknown}
 k - a potion of mutation {unknown}
 l - a potion of haste {unknown}
 n - a potion of magic {unknown}


   Skills:
 + Level 4.5 Fighting
 + Level 5.6 Axes
 + Level 3.6 Armour
 + Level 1.9 Dodging
 + Level 0.1 Stealth


You had 4 spell levels left.
You didn't know any spells.
Your spell library contained the following spells:

 Spells                   Type           Power      Damage    Failure   Level
 Corpse Rot               Necr/Pois/Air  0%         N/A       100%        4
 Dispel Undead            Necr           0%         3d6       100%        4
 Death Channel            Necr           0%         N/A       100%        6


Dungeon Overview and Level Annotations

Branches:
Dungeon (4/15)
 Temple: D:4-7

Altars:
Hepliaklqana
Yredelemnul
The Shining One

Portals:
Abyss: D:1***

Annotations:
D:4 1 runed translucent door, happy's ghost, novice GrDe


Message History

The black bear is moderately wounded.
The black bear closely misses you. The black bear claws you.
The black bear claws you but does no damage.
You slash the black bear!
The black bear is severely wounded.
The black bear bites you but does no damage.
The black bear claws you but does no damage.
The black bear barely misses you.
You hit the black bear.
The black bear is severely wounded.
The black bear goes berserk!
You hit the black bear but do no damage.
The black bear is severely wounded.
The black bear barely misses you.
The black bear claws you but does no damage.
The black bear barely misses you.
The black bear bites you but does no damage.
The black bear barely misses you.
The black bear claws you but does no damage.
You closely miss the black bear.
The black bear is severely wounded.
The black bear barely misses you. x2; The black bear claws you.
The black bear bites you. The black bear claws you.
The black bear claws you but does no damage.
You hit the black bear but do no damage.
The black bear is severely wounded.
The black bear bites you!
The black bear claws you but does no damage.
The black bear claws you.
* * * LOW HITPOINT WARNING * * *
The black bear bites you but does no damage.
The black bear barely misses you.
The black bear claws you but does no damage.
You hear a shout!
The black bear bites you.
* * * LOW HITPOINT WARNING * * *
The black bear claws you but does no damage. x2
The black bear attacks as you move away!
The black bear bites you!
You die...

... #.## ... #.# #.#
#.## #.# #..< #.#
###. #.# ### #. #.#
##.## #.
#.##########.#.####)
#.h@........###.....
############.#.####.
##.## #. ### #. ##


You could see a black bear (berserk).

Vanquished Creatures
  An orc wizard (D:4)
  Robin (D:3)
  An adder (D:2)
  A dart slug (D:2)
  4 orcs
  4 bats
  8 endoplasms
  3 giant cockroaches (D:1)
  19 goblins
  8 hobgoblins
  3 jackals (D:3)
  6 kobolds
  2 quokkas
  6 ball pythons
  2 frilled lizards
  6 rats
  A spectral orc (D:3)
76 creatures vanquished.

Vanquished Creatures (others)
  2 withered plants (D:4)
2 creatures vanquished.

Grand Total: 78 creatures vanquished

Notes
Turn   | Place    | Note
-------+----------+-------------------------------------------
     0 | D:1      | Hadkhar the Hill Orc Berserker began the quest for the Orb.
     0 | D:1      | Reached XP level 1. HP: 19/19 MP: 1/1
   496 | D:1      | Reached XP level 2. HP: 26/27 MP: 2/2
   580 | D:1      | Found a faded altar of an unknown god.
  1345 | D:2      | Reached XP level 3. HP: 29/33 MP: 3/3
  1686 | D:2      | Reached ** piety under Trog
  2542 | D:3      | Found a hazy altar of Hepliaklqana.
  2607 | D:3      | Found a basalt altar of Yredelemnul.
  2614 | D:3      | Reached XP level 4. HP: 41/41 MP: 4/4
  2710 | D:3      | Found a glowing golden altar of the Shining One.
  2777 | D:3      | Reached skill level 5 in Axes
  3272 | D:3      | Noticed Robin
  3313 | D:3      | Killed Robin
  4351 | D:4      | Found a runed translucent door.
  4352 | D:4      | Noticed happy's ghost (novice GrDe)
  4390 | D:4      | Reached XP level 5. HP: 41/47 MP: 5/5
  4502 | D:4      | Noticed a black bear
  4523 | D:4      | Slain by a black bear

Illustrated notes

Levels and vault maps discovered:
D:1:      minmay_arrival_glassed_features, layout_basic,
          hellmonk_ecumenical_altar_blasted
D:2:      layout_loops_ring, chequers_serial_rivers_micro_e
D:3:      kennysheep_goblin_castle, layout_basic,
          yredelemnul_forgotten_temple_becter, mainiacjoe_overflow_paths,
          lemuel_coloured_pillars_altar, serial_corexii_hall,
          chequers_hall_statues_corner_a, corexii_hall_statues_l,
          corexii_hall_statues_l, corexii_hall_statues_s, hex_intersection
D:4:      minmay_chambers_of_threes, layout_loops_ring,
          minmay_temple_entry_slanted, gammafunk_ghost_grave, uniq_pikel

Skill      XL: |  1  2  3  4 |
---------------+-------------+-----
Fighting       | 4 |  4.5
Axes           | 5 |  5.6
Armour         | 3 |  3.6
Dodging        | |  1.9
Stealth        | |  0.1

Action                   |  1- 3 |  4- 6 || total
-------------------------+-------+-------++-------
Melee: Hand axe          |   140 |   103 ||   243
       Punch             |       |     3 ||     3
Invok: Berserk           |       |     1 ||     1
Armor: Ring mail         |    56 |     6 ||    62
       Animal skin       |     1 |       ||     1
       Chain mail        |       |    67 ||    67
Dodge: Dodged            |    73 |    53 ||   126
Block: Buckler           |     3 |       ||     3
